 Dungeon Crawl Stone Soup version 0.27-a0-1105-g946c659c87 (webtiles) character file.

Game seed: 17056074884920469613

496 DogServant the Ruffian (level 6, -5/48 HPs)
             Began as a Draconian Transmuter on Apr 30, 2021.
             Slain by Crazy Yiuf
             ... wielding a +3 quarterstaff of chaos
              (10 damage)
             ... on level 2 of the Dungeon.
             The game lasted 00:07:34 (5012 turns).

DogServant the Ruffian (Draconian Transmuter)       Turns: 5012, Time: 00:07:35

Health: -5/48      AC:  2    Str: 13    XL:     6   Next: 93%
Magic:  7/9        EV: 20    Int: 14    God:
Gold:   164        SH:  0    Dex: 17    Spells: 3/9 levels left

rFire    . . .     SeeInvis .     - Unarmed
rCold    . . .     Faith    .   (shield currently unavailable)
rNeg     . . .     Spirit   .   (armour unavailable)
rPois    .         Reflect  .   (helmet currently unavailable)
rElec    .         Harm     .   (cloak currently unavailable)
rCorr    .         Rampage  .   (gloves currently unavailable)
Will     .....                  (boots currently unavailable)
Stlth    ++........             (no amulet)
HPRegen  0.16/turn              q - ring of poison resistance
MPRegen  0.11/turn              (no ring)

@: spider-form
A: venomous fangs, AC +6, tiny, unfitting armour, (cold-blooded)
a: End Transformation


You were on level 2 of the Dungeon.
You were a venomous arachnid creature.
You visited 1 branch of the dungeon, and saw 4 of its levels.

You collected 164 gold pieces.

Inventory:

Missiles
 h - 2 curare-tipped darts (quivered)
Armour
 b - a +0 cloak (melded)
 l - a +1 pair of gloves (melded)
 w - a +0 pair of boots (melded)
Jewellery
 e - a ring of fire
 q - a ring of poison resistance (left front leg)
Scrolls
 f - 2 scrolls of holy word
 i - 2 scrolls of amnesia
 k - 3 scrolls of enchant armour
 n - a scroll of immolation {unknown}
 o - a scroll of teleportation
 p - a scroll of blinking {unknown}
 t - a scroll of identify {unknown}
 u - a scroll of noise {unknown}
 v - a scroll of summoning {unknown}
Potions
 a - a potion of brilliance {unknown}
 c - 2 potions of haste {unknown}
 d - a potion of berserk rage {unknown}
 g - 2 potions of lignification {unknown}
 j - 2 potions of invisibility {unknown}
 m - a potion of magic {unknown}
 r - a potion of flight {unknown}
 s - a potion of cancellation {unknown}


   Skills:
 + Level 2.2 Fighting
 + Level 3.4 Dodging
 + Level 5.0 Unarmed Combat
 + Level 2.0 Spellcasting
 + Level 5.0 Transmutations


You had 3 spell levels left.
You knew the following spells:

 Your Spells              Type           Power      Damage    Failure   Level
a - Beastly Appendage     Tmut           30%        N/A       11%         1
b - Wereblood             Tmut           15%        N/A       14%         2
c - Spider Form           Tmut/Pois      4%         N/A       47%         3

Your spell library contained the following spells:

 Spells                   Type           Power      Damage    Failure   Level
 Corona                   Hex            1%         N/A       45%         1
 Slow                     Hex            1%         N/A       56%         2
 Inner Flame              Hex/Fire       1%         N/A       77%         3
 Portal Projectile        Hex/Tloc       2%         N/A       77%         3
 Ice Form                 Ice/Tmut       8%         N/A       82%         4
 Hydra Form               Tmut           7%         N/A       82%         5
 Cause Fear               Hex            0%         N/A       98%         4
 Leda's Liquefaction      Hex/Erth       0%         N/A       98%         4


Dungeon Overview and Level Annotations

Branches:
Dungeon (4/15)
 Temple: D:4-7

Altars:
Yredelemnul

Shops:
D:2 [

Annotations:
D:2 Crazy Yiuf


Innate Abilities, Weirdness & Mutations

You are a venomous arachnid creature.
You have poisonous fangs.
You are tiny and dextrous.
Your spellcasting is less reliable in this form.
Your armour is entirely melded.
You are incapable of wielding weapons or throwing items.
((Your plain brown scales are hard. (AC +6)))
You cannot fit into any form of body armour.
((You are cold-blooded and may be slowed by cold attacks.))


Message History

The worm is severely wounded.
You hit the worm.
You kill the worm!
No target in view!
There is an entrance to Nuxa's Antique Armour Emporium here.
Your transformation is almost over.
Your horns disappear.
Your talons disappear.
Your +0 pair of boots unmelds from your body.
There is an open door here.
There is an open door here.
You see here a +0 mace.
You see here a +0 mace.
You see here a +0 mace.
Crazy Yiuf shouts!
Crazy Yiuf cries, "Tosser horse chair!"
Crazy Yiuf waves his quarterstaff at you.
Could not explore, unopened runed door.
Casting: Beastly Appendage (safe; 3% risk of failure)
Confirm with . or Enter, or press ? or * to list all spells.
You turn into a venomous arachnid creature.
Your +0 cloak melds into your body.
Your +1 pair of gloves melds into your body.
Your +0 pair of boots melds into your body.
As you open the door, it creaks loudly!
You hit Crazy Yiuf.
Crazy Yiuf is lightly wounded.
Crazy Yiuf closely misses you.
You bite Crazy Yiuf!
Crazy Yiuf is heavily wounded.
Crazy Yiuf hits you with a +3 quarterstaff of chaos!
Crazy Yiuf draws strength from your wounds!
You bite Crazy Yiuf!
Crazy Yiuf is poisoned.
Crazy Yiuf is severely wounded.
Crazy Yiuf hits you with a +3 quarterstaff of chaos!
You are electrocuted!!
* * * LOW HITPOINT WARNING * * *
You bite the fungus!
The fungus begins to die.
The fungus is lightly damaged.
Crazy Yiuf hits you with a +3 quarterstaff of chaos!
You die...

#.# #....>..# #.#
#..####.# #.#
#######...###.# #.#
#.............. ###
#############.# ####.#
##♣♣♣♣♣ #....#
###)).♣g♣♣♣ ### #....#
##).))Ps♣..♣#...# ######
#...))P♣♣♣♣.'...#
#.)#))♣♣ ♣♣#..)# #.###♣♣
### #.# #.# ######
#.#################.....
#.##(##.......##..######
##....######.####...###


You could see Crazy Yiuf (very poisoned).

Vanquished Creatures
  2 ogres (D:4)
  A bullfrog (D:3)
  An orc priest (D:4)
  A hound (D:3)
  2 orc wizards
  A howler monkey skeleton (D:4)
  2 adders
  An adder zombie (D:3)
  4 worms
  5 dart slugs
  10 orcs
  5 ball pythons
  11 endoplasms
  5 giant cockroaches
  10 goblins
  4 hobgoblins
  6 jackals
  3 quokkas
  A ball python zombie (D:3)
  6 bats
  3 frilled lizards
  6 kobolds
  A quokka zombie (D:3)
  7 rats
98 creatures vanquished.

Notes
Turn   | Place    | Note
-------+----------+-------------------------------------------
     0 | D:1      | DogServant the Draconian Transmuter began the quest for the
                  | Orb.
     0 | D:1      | Reached XP level 1. HP: 16/16 MP: 3/3
   195 | D:1      | Reached XP level 2. HP: 23/23 MP: 3/5
   531 | D:1      | Reached XP level 3. HP: 28/28 MP: 6/6
  1570 | D:2      | Found a runed translucent door.
  1571 | D:2      | Noticed Crazy Yiuf
  1846 | D:3      | Reached XP level 4. HP: 25/35 MP: 7/7
  1852 | D:3      | Learned a level 2 spell: Wereblood
  1856 | D:3      | Learned a level 3 spell: Spider Form
  2321 | D:3      | Noticed a bullfrog
  2330 | D:3      | Killed a bullfrog
  2331 | D:3      | Reached XP level 5. HP: 24/41 MP: 4/8
  2473 | D:3      | Found a basalt altar of Yredelemnul.
  3623 | D:4      | Noticed an ogre
  3633 | D:4      | Killed an ogre
  3634 | D:4      | Reached skill level 5 in Unarmed Combat
  3634 | D:4      | Reached XP level 6. HP: 48/48 MP: 6/9
  3997 | D:4      | Reached skill level 5 in Transmutations
  4929 | D:2      | Found Nuxa's Antique Armour Emporium.
  5012 | D:2      | Slain by Crazy Yiuf

Illustrated notes

Levels and vault maps discovered:
D:1:      dpeg_chamrin_arrival_tetris, layout_basic
D:2:      layout_loops_corners, serial_shops, shop, kennysheep_generic_room_2,
          uniq_crazy_yiuf_cottage
D:3:      layout_basic, nicolae_yredelemnul_corpse_copse, chequers_avenue
D:4:      layout_loops_corners

Skill      XL: |  1  2  3  4  5  6 |
---------------+-------------------+-----
Transmutations | 3 4 5 |  5.0
Unarmed Combat | 4 5 |  5.0
Fighting       | 2 |  2.2
Dodging        | 2 3 |  3.4
Spellcasting   | |  2.0

Action                   |  1- 3 |  4- 6 || total
-------------------------+-------+-------++-------
Melee: Unarmed           |   129 |   151 ||   280
       Kick              |    17 |    28 ||    45
       Tailslap          |    11 |    12 ||    23
       Headbutt          |    17 |    16 ||    33
       Punch             |       |     4 ||     4
Throw: Dart              |       |     2 ||     2
 Cast: Beastly Appendage |    19 |    22 ||    41
       Wereblood         |       |     4 ||     4
       Spider Form       |       |     3 ||     3
  Use: Scroll            |     3 |     1 ||     4
 Stab: Sleeping          |       |     2 ||     2
Armor: Skin              |    54 |    37 ||    91
Dodge: Dodged            |    77 |    73 ||   150

Table legend: (Time is in decaauts)
 A = Elapsed time spent in this place.
 B = Non-inter-level travel time spent in this place.
 C = Inter-level travel time spent in this place.
 D = Time resting spent in this place.
 E = Time spent auto-exploring this place.
 F = Levels seen in this place.
 G = Mean time per level.
                   A        B        C        D        E       F      G
               +--------+--------+--------+--------+--------+-----+--------+
         Total |   4993 |   4783 |    210 |     31 |   4107 |   4 | 1248.2 |
       Dungeon |   4993 |   4783 |    210 |     31 |   4107 |   4 | 1248.2 |
               +--------+--------+--------+--------+--------+-----+--------+

Top non-repeatable levels by time:
     D:4: 1347 daAuts
     D:3: 1319 daAuts
     D:2: 1278 daAuts
     D:1: 1047 daAuts
